Lightning vs Devils

Created - March 30, 2018 at 19:03

Goals
1 2 3 T
Lightning 1 1 0 2
Devils 0 4 0 4
Shots
1 2 3 T
Lightning 7 8 1 16
Devils 9 13 9 31

1st period

1. Lightning , Robert Nilsson 33 (Henrik Zetterberg 56, Kris Versteeg 29) at 8:42

Penalties :
Dmitry Kulikov (NJD) for Roughing (Minor) at 4:37, Jonathan Toews (NJD) for Hooking (Minor) at 15:22

2nd period

2. Devils , Patrick Kane 34 (Ryan Whitney 17, Dmitry Kulikov 13) at 6:20 (PP)
3. Devils , Martin St. Louis 15 (Erik Christensen 15) at 12:12
4. Devils , Taylor Hall 20 (Jordan Eberle 36, Travis Hamonic 16) at 14:40
5. Devils , Chris Kreider 39 (Patrick Kane 39, Jonathan Toews 34) at 14:58 (PP)
6. Lightning , Robert Nilsson 34 (Henrik Zetterberg 57, Kris Versteeg 30) at 17:12 (PP)

Penalties :
Kris Versteeg (TB.) for Delaying the game (Minor) at 2:48, Steve McCarthy (TB.) for Interference (Minor) at 5:37, Kris Versteeg (TB.) for Delaying the game (Minor) at 14:43, Taylor Hall (NJD) for Hooking (Minor) at 15:21

3rd period

No Goal

Penalties :
Chris Kreider (NJD) for Hooking (Minor) at 3:02, Steve McCarthy (TB.) for High sticking (Minor) at 9:25

Goalie Stats

Adam Munro (TB.), 13 saves from 13 shots - (1.000), 25:02 minutes
Jaroslav Halak (TB.), 14 saves from 18 shots - (0.778), L, 25-29-8, 34:58 minutes
James Reimer (NJD), 14 saves from 16 shots - (0.875), W, 23-14-3, 60:00 minutes

Players Stats for Lightning

Player Name              G  A  P  +/- PIM S  H  SB GA TA FO     MP     PP MP  PK MP  
------------------------------------------------------------------------------------
Andy Rogers              0  0  0   0  0   0  0  0  0  2  0/0    12:08   0:51   0:00 
Brent Burns              0  0  0  -1  0   1  0  2  1  1  0/0    25:10   4:43   2:34 
Daniel Carcillo          0  0  0  -1  0   0  3  0  0  1  0/0    18:19   2:27   0:59 
Danny Richmond           0  0  0   0  0   1  0  2  1  1  0/0    21:08   2:14   2:22 
Henrik Zetterberg        0  2  2   0  0   3  0  0  0  0  4/11   24:09   4:14   2:53 
Jeff Schultz             0  0  0  -1  0   0  2  1  0  2  0/0    26:30   4:43   2:34 
John Carlson             0  0  0   0  0   0  1  2  0  0  0/0    20:54   2:14   2:22 
Jordan Nolan             0  0  0   0  0   2  1  0  1  0  2/4    14:28   1:00   0:47 
Justin Schultz           0  0  0   0  0   0  0  0  0  1  0/0     2:46   0:00   0:00 
Kris Versteeg            0  2  2   0  4   2  2  0  0  1  0/0    20:27   4:16   1:40 
Loui Eriksson            0  0  0   0  0   2  0  0  0  0  0/0    14:13   0:47   0:28 
Pierre-Luc Létourneau    0  0  0   0  0   0  1  0  0  0  0/0     6:17   0:20   0:00 
Pierre-Marc Bouchard     0  0  0  -1  0   1  1  1  1  0  2/12   18:23   2:35   1:02 
Reilly Smith             0  0  0   0  0   0  0  0  0  0  0/0     6:51   0:44   0:00 
Robert Nilsson           2  0  2   0  0   3  0  0  0  0  12/28  19:29   4:16   0:50 
Sheldon Keefe            0  0  0   0  0   1  2  0  0  1  0/0    14:25   0:10   1:13 
Steve Bernier            0  0  0  -1  0   0  1  0  1  0  0/0    17:11   2:35   0:00 
Steve McCarthy           0  0  0   0  4   0  0  0  0  0  0/0    12:12   0:51   0:00 

Players Stats for Devils

Player Name              G  A  P  +/- PIM S  H  SB GA TA FO     MP     PP MP  PK MP  
------------------------------------------------------------------------------------
Anthony Stewart          0  0  0   0  0   0  1  0  1  0  0/0     8:34   0:00   0:00 
Brandon Bollig           0  0  0   0  0   2  0  0  0  0  0/0     8:19   0:00   0:00 
Chris Kreider            1  0  1   0  2   3  4  0  1  2  0/0    16:40   2:47   0:00 
Dmitry Kulikov           0  1  1   2  2   0  0  1  0  0  0/0    19:41   3:20   0:49 
Erik Christensen         0  1  1   0  0   0  0  0  0  1  3/4    10:05   0:00   1:55 
Jonathan Toews           0  1  1   0  2   2  0  0  0  1  4/9    18:10   2:47   1:05 
Jordan Eberle            0  1  1   0  0   4  4  0  1  0  1/1    19:48   2:09   1:50 
Kellan Lain              0  0  0   1  0   0  0  0  0  0  0/0    11:02   0:00   1:22 
Kurt Sauer               0  0  0  -1  0   2  1  1  1  0  0/0    25:23   1:36   3:39 
Martin St. Louis         1  0  1   1  0   3  0  0  0  0  2/2     9:37   0:00   0:00 
Matt Duchene             0  0  0   0  0   5  1  0  0  0  15/25  18:34   2:09   1:18 
Mike Komisarek           0  0  0   0  0   0  1  3  0  0  0/0    16:42   0:00   4:28 
Mikko Koivu              0  0  0   1  0   2  1  1  4  0  8/9    14:06   0:00   4:29 
Patrick Kane             1  1  2   0  0   5  0  0  0  1  0/1    19:48   2:47   3:17 
Ryan Whitney             0  1  1   0  0   0  1  0  0  0  0/0    18:15   3:20   3:20 
Taylor Hall              1  0  1   0  2   2  1  0  1  0  2/4    17:26   2:09   0:20 
Travis Hamonic           0  1  1   2  0   0  1  2  0  0  0/0    18:14   0:00   3:20 
Tyler Cuma               0  0  0  -1  0   1  0  0  1  0  0/0    21:44   1:36   0:00 

3 Stars

1 - Robert Nilsson (TB.)
2 - Patrick Kane (NJD)
3 - Martin St. Louis (NJD)

Power Play

Lightning - 1 on 4 Attempt(s) - 25.00%
Devils - 2 on 4 Attempt(s) - 50.00%

Penalty Kill

Lightning - 2 on 4 Attempt(s) - 50.00% - Score 0 goal in Penalty Kill
Devils - 3 on 4 Attempt(s) - 75.00% - Score 0 goal in Penalty Kill

Team Stat

Lightning - Hits : 14 - Faceoff Wins : 20 - Blocked Shots : 8 - Penalty Minutes : 8
Devils - Hits : 16 - Faceoff Wins : 35 - Blocked Shots : 8 - Penalty Minutes : 8

Official

Referees : Rehman Kyle and Peel Tim
Linesman : Derek Amell and Tim Nowak

Game Notes

Adam Munro enters game at 14:58 of 2nd period

Finance

Level 1 -- Attendance: 5376 (89.60%) -- Ticket Income $483,840
Level 2 -- Attendance: 3750 (75.00%) -- Ticket Income $213,750
Level 3 -- Attendance: 1799 (89.95%) -- Ticket Income $59,367
Level 4 -- Attendance: 3848 (96.20%) -- Ticket Income $96,200
Luxury Box -- Attendance: 908 (90.80%) -- Ticket Income $140,740
Game was played at the The prudential Center.
Total Attendance: 15681 (87.12%)
Total Ticket Income: $993,897
Other Income: $149,085
Total Income: $1,142,982

Lightning

5 vs 5 Forward 
   Center                   Left Wing                Right Wing               Time % Phy DF OF 
 1 Robert Nilsson           Henrik Zetterberg        Kris Versteeg            40     1   2  2  
 2 Pierre-Marc Bouchard     Daniel Carcillo          Steve Bernier            30     1   2  2  
 3 Jordan Nolan             Loui Eriksson            Sheldon Keefe            20     1   2  2  
 4 Henrik Zetterberg        Pierre-Luc Létourneau    Reilly Smith             10     1   2  2  

5 vs 5 Defense 
   Defense                  Defense                                           Time % Phy DF OF 
 1 Jeff Schultz             Brent Burns                                       40     1   2  2  
 2 John Carlson             Danny Richmond                                    30     1   2  2  
 3 Andy Rogers              Steve McCarthy                                    20     1   2  2  
 4 Justin Schultz           Jeff Schultz                                      10     1   2  2  

PowerPlay Forward 
   Center                   Left Wing                Right Wing               Time % Phy DF OF 
 1 Robert Nilsson           Henrik Zetterberg        Kris Versteeg            60     1   2  2  
 2 Pierre-Marc Bouchard     Daniel Carcillo          Steve Bernier            40     1   2  2  

PowerPlay Defense
   Defense                  Defense                                           Time % Phy DF OF 
 1 Jeff Schultz             Brent Burns                                       60     1   2  2  
 2 John Carlson             Danny Richmond                                    40     1   2  2  

Penalty Kill 4 Players Forward 
   Center                   Wing                     Time % Phy DF OF 
 1 Henrik Zetterberg        Kris Versteeg            60     1   2  2  
 2 Robert Nilsson           Pierre-Marc Bouchard     40     1   2  2  

Penalty Kill 4 Players Defense
   Defense                  Defense                  Time % Phy DF OF 
 1 Jeff Schultz             Brent Burns              60     1   2  2  
 2 John Carlson             Danny Richmond           40     1   2  2  

Penalty Kill - 3 Players Forward 
   Forward                                           Time % Phy DF OF 
 1 Henrik Zetterberg                                 60     1   2  2  
 2 Kris Versteeg                                     40     1   2  2  

Penalty Kill - 3 Players Defense
   Defense                  Defense                  Time % Phy DF OF 
 1 Jeff Schultz             Brent Burns              60     1   2  2  
 2 John Carlson             Danny Richmond           40     1   2  2  

4 vs 4 Forward 
   Center                   Wing                     Time % Phy DF OF 
 1 Henrik Zetterberg        Kris Versteeg            60     1   2  2  
 2 Robert Nilsson           Pierre-Marc Bouchard     40     1   2  2  

4 vs 4 Defense
   Defense                  Defense                  Time % Phy DF OF 
 1 Jeff Schultz             Brent Burns              60     1   2  2  
 2 John Carlson             Danny Richmond           40     1   2  2  

Last Minutes Offensive
   Center                   Left Wing                Right Wing               Defense                  Defense                  
   Robert Nilsson           Henrik Zetterberg        Kris Versteeg            Jeff Schultz             Brent Burns              

Last Minutes Defensive
   Center                   Left Wing                Right Wing               Defense                  Defense                  
   Robert Nilsson           Henrik Zetterberg        Kris Versteeg            Jeff Schultz             Brent Burns              

Goaltenders
Starting : Jaroslav Halak           
Backup : Adam Munro               

Extra Forwards
Normal : Jordan Nolan, Loui Eriksson, Sheldon Keefe - PP : Jordan Nolan, Loui Eriksson - PK : Sheldon Keefe
Extra Defensemen
Normal : Andy Rogers, Steve McCarthy, Justin Schultz - PP : Andy Rogers - PK : Steve McCarthy, Justin Schultz
Penalty Shots
Henrik Zetterberg, Kris Versteeg, Robert Nilsson, Pierre-Marc Bouchard, Jordan Nolan

Scratches
Mikael Backlund (Abdominal Strain Injury)

Devils

5 vs 5 Forward 
   Center                   Left Wing                Right Wing               Time % Phy DF OF 
 1 Matt Duchene             Taylor Hall              Jordan Eberle            40     0   2  3  
 2 Jonathan Toews           Chris Kreider            Patrick Kane             30     0   2  3  
 3 Mikko Koivu              Kellan Lain              Martin St. Louis         20     0   2  3  
 4 Erik Christensen         Brandon Bollig           Anthony Stewart          10     0   2  3  

5 vs 5 Defense 
   Defense                  Defense                                           Time % Phy DF OF 
 1 Kurt Sauer               Tyler Cuma                                        40     1   2  2  
 2 Travis Hamonic           Dmitry Kulikov                                    30     1   2  2  
 3 Ryan Whitney             Mike Komisarek                                    20     1   2  2  
 4 Mike Komisarek           Dmitry Kulikov                                    10     1   2  2  

PowerPlay Forward 
   Center                   Left Wing                Right Wing               Time % Phy DF OF 
 1 Jonathan Toews           Chris Kreider            Patrick Kane             60     0   2  3  
 2 Matt Duchene             Taylor Hall              Jordan Eberle            40     0   2  3  

PowerPlay Defense
   Defense                  Defense                                           Time % Phy DF OF 
 1 Dmitry Kulikov           Ryan Whitney                                      60     0   2  3  
 2 Tyler Cuma               Kurt Sauer                                        40     0   2  3  

Penalty Kill 4 Players Forward 
   Center                   Wing                     Time % Phy DF OF 
 1 Mikko Koivu              Patrick Kane             60     1   2  2  
 2 Jonathan Toews           Jordan Eberle            40     1   2  2  

Penalty Kill 4 Players Defense
   Defense                  Defense                  Time % Phy DF OF 
 1 Mike Komisarek           Kurt Sauer               60     1   2  2  
 2 Travis Hamonic           Ryan Whitney             40     1   2  2  

Penalty Kill - 3 Players Forward 
   Forward                                           Time % Phy DF OF 
 1 Jordan Eberle                                     60     1   2  2  
 2 Patrick Kane                                      40     1   2  2  

Penalty Kill - 3 Players Defense
   Defense                  Defense                  Time % Phy DF OF 
 1 Mike Komisarek           Kurt Sauer               60     1   2  2  
 2 Dmitry Kulikov           Ryan Whitney             40     1   2  2  

4 vs 4 Forward 
   Center                   Wing                     Time % Phy DF OF 
 1 Mikko Koivu              Jordan Eberle            60     1   2  2  
 2 Jonathan Toews           Taylor Hall              40     1   2  2  

4 vs 4 Defense
   Defense                  Defense                  Time % Phy DF OF 
 1 Mike Komisarek           Dmitry Kulikov           60     1   2  2  
 2 Tyler Cuma               Ryan Whitney             40     1   2  2  

Last Minutes Offensive
   Center                   Left Wing                Right Wing               Defense                  Defense                  
   Matt Duchene             Taylor Hall              Patrick Kane             Tyler Cuma               Kurt Sauer               

Last Minutes Defensive
   Center                   Left Wing                Right Wing               Defense                  Defense                  
   Matt Duchene             Taylor Hall              Jordan Eberle            Mike Komisarek           Kurt Sauer               

Goaltenders
Starting : James Reimer             
Backup : Ryan Miller              

Extra Forwards
Normal : Jordan Eberle, Jonathan Toews, Taylor Hall - PP : Jordan Eberle, Jonathan Toews - PK : Erik Christensen
Extra Defensemen
Normal : Tyler Cuma, Mike Komisarek, Dmitry Kulikov - PP : Tyler Cuma - PK : Mike Komisarek, Dmitry Kulikov
Penalty Shots
Patrick Kane, Jonathan Toews, Mikko Koivu, Jordan Eberle, Chris Kreider

Scratches
Kyle Cumiskey (Healthy)

% Time on Ice - Lightning

Lines # - Real PCT - Wanted PCT - Time Play
Normal Forward
1 - 32% - 40% - 14:55
2 - 32% - 30% - 15:03
3 - 25% - 20% - 11:47
4 - 12% - 10% - 5:31
Normal Defense
1 - 37% - 40% - 17:21
2 - 34% - 30% - 16:15
3 - 23% - 20% - 10:54
4 - 6% - 10% - 2:46
PP Forward
1 - 67% - 60% - 5:13
2 - 33% - 40% - 2:35
PP Defense
1 - 71% - 60% - 5:34
2 - 29% - 40% - 2:14
PK Forward
1 - 83% - 60% - 4:06
2 - 17% - 40% - 0:50
PK Defense
1 - 52% - 60% - 2:34
2 - 48% - 40% - 2:22
PK3 Forward
1 - 0% - 60%
2 - 0% - 40%
PK3 Defense
1 - 0% - 60%
2 - 0% - 40%
44 Forward
1 - 0% - 60%
2 - 0% - 40%
44 Defense
1 - 0% - 60%
2 - 0% - 40%
Last Minute Offensive  - 0:00
Last Minute Defensive  - 0:00
Total
Forward - 60:00
Defense - 60:00

% Time on Ice - Devils

Lines # - Real PCT - Wanted PCT - Time Play
Normal Forward
1 - 31% - 40% - 14:44
2 - 31% - 30% - 14:36
3 - 20% - 20% - 9:37
4 - 18% - 10% - 8:19
Normal Defense
1 - 44% - 40% - 20:40
2 - 30% - 30% - 14:01
3 - 20% - 20% - 9:34
4 - 6% - 10% - 3:01
PP Forward
1 - 56% - 60% - 2:47
2 - 44% - 40% - 2:09
PP Defense
1 - 68% - 60% - 3:20
2 - 32% - 40% - 1:36
PK Forward
1 - 76% - 60% - 5:58
2 - 24% - 40% - 1:50
PK Defense
1 - 57% - 60% - 4:28
2 - 43% - 40% - 3:20
PK3 Forward
1 - 0% - 60%
2 - 0% - 40%
PK3 Defense
1 - 0% - 60%
2 - 0% - 40%
44 Forward
1 - 0% - 60%
2 - 0% - 40%
44 Defense
1 - 0% - 60%
2 - 0% - 40%
Last Minute Offensive  - 0:00
Last Minute Defensive  - 0:00
Total
Forward - 60:00
Defense - 60:00

Play by Play

1st period


0:01 of 1st period - Robert Nilsson wins face-off versus Matt Duchene in neutral zone.
0:03 of 1st period - Off-side.
0:04 of 1st period - Matt Duchene wins face-off versus Robert Nilsson in neutral zone.
0:19 of 1st period - Backhand shot by Matt Duchene.
0:19 of 1st period - Stopped by Jaroslav Halak without a rebound.
0:20 of 1st period - Jonathan Toews wins face-off versus Pierre-Marc Bouchard in Lightning zone.
0:29 of 1st period - Daniel Carcillo is hit by Chris Kreider and loses puck.
0:55 of 1st period - Wrist shot by Martin St. Louis.
0:55 of 1st period - Stopped by Jaroslav Halak without a rebound.
0:56 of 1st period - Erik Christensen wins face-off versus Henrik Zetterberg in Lightning zone.
1:21 of 1st period - Pierre-Marc Bouchard is hit by Jordan Eberle and loses puck.
1:26 of 1st period - Slapshot by Taylor Hall.
1:26 of 1st period - Deflect By Matt Duchene.
1:26 of 1st period - Shot Misses the Net.
1:26 of 1st period - Puck is out of play.
1:27 of 1st period - Robert Nilsson wins face-off versus Jonathan Toews in Lightning zone.
1:38 of 1st period - Wrist shot by Henrik Zetterberg.
1:38 of 1st period - Stopped by James Reimer with a rebound.
1:54 of 1st period - Jordan Eberle is hit by Sheldon Keefe and loses puck.
2:18 of 1st period - Icing by Danny Richmond.
2:19 of 1st period - Mikko Koivu wins face-off versus Pierre-Marc Bouchard in Lightning zone.
2:22 of 1st period - Snap shot by Mikko Koivu.
2:22 of 1st period - Stopped by Jaroslav Halak without a rebound.
2:23 of 1st period - Matt Duchene wins face-off versus Robert Nilsson in Lightning zone.
2:32 of 1st period - Jordan Eberle is hit by Kris Versteeg.
2:50 of 1st period - Dmitry Kulikov is hit by Daniel Carcillo and loses puck.
3:38 of 1st period - Slapshot by Brandon Bollig.
3:38 of 1st period - Stopped by Jaroslav Halak with a rebound.
4:37 of 1st period - Minor Penalty to Dmitry Kulikov for Roughing.
4:38 of 1st period - Mikko Koivu wins face-off versus Henrik Zetterberg in Devils zone.
4:38 of 1st period - Mikko Koivu is hit by Kris Versteeg.
6:37 of 1st period - Penalty to Dmitry Kulikov is over, Dmitry Kulikov is back on ice.
6:42 of 1st period - Snap shot by Erik Christensen.
6:42 of 1st period - Deflect By Anthony Stewart.
6:42 of 1st period - Shot Blocked by Danny Richmond.
6:42 of 1st period - Puck is out of play.
6:43 of 1st period - Erik Christensen wins face-off versus Jordan Nolan in Lightning zone.
6:50 of 1st period - Slapshot by Anthony Stewart.
6:50 of 1st period - Shot Blocked by John Carlson.
6:52 of 1st period - Slapshot by Kurt Sauer.
6:52 of 1st period - Shot Blocked by Danny Richmond.
7:10 of 1st period - Wrist shot by Taylor Hall.
7:10 of 1st period - Stopped by Jaroslav Halak without a rebound.
7:11 of 1st period - Matt Duchene wins face-off versus Robert Nilsson in Lightning zone.
7:14 of 1st period - Snap shot by Matt Duchene.
7:14 of 1st period - Deflect By Jordan Eberle.
7:14 of 1st period - Stopped by Jaroslav Halak with a rebound.
7:16 of 1st period - Slapshot by Kurt Sauer.
7:16 of 1st period - Stopped by Jaroslav Halak without a rebound.
7:17 of 1st period - Matt Duchene wins face-off versus Robert Nilsson in Lightning zone.
7:46 of 1st period - Snap shot by Steve Bernier.
7:46 of 1st period - Shot Misses the Net.
8:40 of 1st period - Wrist shot by Kris Versteeg.
8:40 of 1st period - Stopped by James Reimer with a rebound.
8:42 of 1st period - Slapshot by Henrik Zetterberg.
8:42 of 1st period - Deflect By Robert Nilsson.
8:42 of 1st period - Goal by Robert Nilsson - Lightning : 1 - Devils : 0.
8:43 of 1st period - Robert Nilsson wins face-off versus Matt Duchene in neutral zone.
9:25 of 1st period - Mike Komisarek is hit by Daniel Carcillo and loses puck.
9:38 of 1st period - Snap shot by Jordan Nolan.
9:38 of 1st period - Stopped by James Reimer with a rebound.
9:44 of 1st period - Ryan Whitney is hit by Sheldon Keefe.
10:05 of 1st period - Wrist shot by Robert Nilsson.
10:05 of 1st period - Stopped by James Reimer with a rebound.
10:24 of 1st period - Wrist shot by Steve Bernier.
10:24 of 1st period - Shot Misses the Net.
10:39 of 1st period - Off-side.
10:40 of 1st period - Pierre-Marc Bouchard wins face-off versus Matt Duchene in neutral zone.
10:55 of 1st period - Snap shot by Jordan Eberle.
10:55 of 1st period - Deflect By Daniel Carcillo.
10:55 of 1st period - Stopped by Jaroslav Halak with a rebound.
10:57 of 1st period - Wrist shot by Kurt Sauer.
10:57 of 1st period - Shot Hit the Post.
12:16 of 1st period - Snap shot by Matt Duchene.
12:16 of 1st period - Stopped by Jaroslav Halak with a rebound.
12:18 of 1st period - Snap shot by Kurt Sauer.
12:18 of 1st period - Deflect By Taylor Hall.
12:18 of 1st period - Shot Misses the Net.
12:18 of 1st period - Puck is out of play.
12:19 of 1st period - Jordan Nolan wins face-off versus Matt Duchene in Lightning zone.
13:29 of 1st period - Andy Rogers is hit by Mike Komisarek.
13:33 of 1st period - Wrist shot by Sheldon Keefe.
13:33 of 1st period - Stopped by James Reimer without a rebound.
13:34 of 1st period - Robert Nilsson wins face-off versus Erik Christensen in Devils zone.
13:38 of 1st period - Icing by Dmitry Kulikov.
13:39 of 1st period - Erik Christensen wins face-off versus Robert Nilsson in Devils zone.
13:54 of 1st period - Wrist shot by Robert Nilsson.
13:54 of 1st period - Deflect By Kris Versteeg.
13:54 of 1st period - Stopped by James Reimer with a rebound.
13:56 of 1st period - Slapshot by Danny Richmond.
13:56 of 1st period - Shot Misses the Net.
14:10 of 1st period - Snap shot by Matt Duchene.
14:10 of 1st period - Shot Blocked by Pierre-Marc Bouchard.
14:37 of 1st period - Icing by Patrick Kane.
14:38 of 1st period - Robert Nilsson wins face-off versus Jonathan Toews in Devils zone.
14:59 of 1st period - Jeff Schultz is hit by Ryan Whitney and loses puck.
15:20 of 1st period - Snap shot by Robert Nilsson.
15:20 of 1st period - Shot Blocked by Mike Komisarek.
15:22 of 1st period - Minor Penalty to Jonathan Toews for Hooking.
15:23 of 1st period - Mikko Koivu wins face-off versus Pierre-Marc Bouchard in Devils zone.
17:22 of 1st period - Penalty to Jonathan Toews is over, Jonathan Toews is back on ice.
17:59 of 1st period - Wrist shot by Jordan Eberle.
17:59 of 1st period - Shot Misses the Net.
18:54 of 1st period - Pierre-Marc Bouchard is hit by Mikko Koivu and loses puck.
Goals for this period are 1 for Lightning vs 0 for Devils.
Shots for this period are 7 for Lightning vs 9 for Devils.

2nd period


0:01 of 2nd period - Jordan Eberle wins face-off versus Robert Nilsson in neutral zone.
0:55 of 2nd period - Wrist shot by Martin St. Louis.
0:55 of 2nd period - Stopped by Jaroslav Halak with a rebound.
1:07 of 2nd period - Wrist shot by Kris Versteeg.
1:07 of 2nd period - Shot Misses the Net.
2:02 of 2nd period - Icing by Brent Burns.
2:03 of 2nd period - Martin St. Louis wins face-off versus Jordan Nolan in Lightning zone.
2:12 of 2nd period - Wrist shot by Jordan Nolan.
2:12 of 2nd period - Stopped by James Reimer with a rebound.
2:20 of 2nd period - Slapshot by Loui Eriksson.
2:20 of 2nd period - Shot Misses the Net.
2:22 of 2nd period - Snap shot by Loui Eriksson.
2:22 of 2nd period - Shot Blocked by Mike Komisarek.
2:24 of 2nd period - Slapshot by Brent Burns.
2:24 of 2nd period - Stopped by James Reimer without a rebound.
2:25 of 2nd period - Robert Nilsson wins face-off versus Matt Duchene in Devils zone.
2:48 of 2nd period - Minor Penalty to Kris Versteeg for Delaying the game.
2:49 of 2nd period - Jonathan Toews wins face-off versus Henrik Zetterberg in Lightning zone.
2:50 of 2nd period - Wrist shot by Patrick Kane.
2:50 of 2nd period - Shot Blocked by Jeff Schultz.
2:52 of 2nd period - Snap shot by Patrick Kane.
2:52 of 2nd period - Deflect By Henrik Zetterberg.
2:52 of 2nd period - Shot Misses the Net.
2:52 of 2nd period - Puck is out of play.
2:53 of 2nd period - Henrik Zetterberg wins face-off versus Patrick Kane in Lightning zone.
3:50 of 2nd period - Danny Richmond is hit by Taylor Hall.
4:48 of 2nd period - Penalty to Kris Versteeg is over, Kris Versteeg is back on ice.
4:52 of 2nd period - Brent Burns is hit by Chris Kreider and loses puck.
5:37 of 2nd period - Minor Penalty to Steve McCarthy for Interference.
5:38 of 2nd period - Matt Duchene wins face-off versus Henrik Zetterberg in Lightning zone.
5:43 of 2nd period - Snap shot by Taylor Hall.
5:43 of 2nd period - Deflect By Matt Duchene.
5:43 of 2nd period - Deflect By Henrik Zetterberg.
5:43 of 2nd period - Shot Misses the Net.
5:43 of 2nd period - Puck is out of play.
5:44 of 2nd period - Henrik Zetterberg wins face-off versus Taylor Hall in Lightning zone.
5:44 of 2nd period - Henrik Zetterberg is hit by Jordan Eberle.
5:52 of 2nd period - Slapshot by Danny Richmond.
5:52 of 2nd period - Stopped by James Reimer with a rebound.
6:14 of 2nd period - Wrist shot by Patrick Kane.
6:14 of 2nd period - Shot Misses the Net.
6:16 of 2nd period - Snap shot by Dmitry Kulikov.
6:16 of 2nd period - Shot Misses the Net.
6:18 of 2nd period - Slapshot by Ryan Whitney.
6:18 of 2nd period - Shot Misses the Net.
6:20 of 2nd period - Slapshot by Patrick Kane.
6:20 of 2nd period - Goal by Patrick Kane - Lightning : 1 - Devils : 1.
6:21 of 2nd period - Taylor Hall wins face-off versus Robert Nilsson in neutral zone.
7:41 of 2nd period - Slapshot by Brent Burns.
7:41 of 2nd period - Shot Misses the Net.
7:43 of 2nd period - Snap shot by Jordan Nolan.
7:43 of 2nd period - Shot Misses the Net.
7:45 of 2nd period - Slapshot by Loui Eriksson.
7:45 of 2nd period - Stopped by James Reimer without a rebound.
7:46 of 2nd period - Robert Nilsson wins face-off versus Jonathan Toews in Devils zone.
8:27 of 2nd period - Backhand shot by Kellan Lain.
8:27 of 2nd period - Shot Misses the Net.
8:39 of 2nd period - Erik Christensen is hit by Pierre-Luc Létourneau and loses puck.
9:03 of 2nd period - Chris Kreider is hit by Pierre-Marc Bouchard and loses puck.
9:26 of 2nd period - Wrist shot by Henrik Zetterberg.
9:26 of 2nd period - Shot Blocked by Dmitry Kulikov.
12:12 of 2nd period - Slapshot by Martin St. Louis.
12:12 of 2nd period - Goal by Martin St. Louis - Lightning : 1 - Devils : 2.
12:13 of 2nd period - Robert Nilsson wins face-off versus Matt Duchene in neutral zone.
12:17 of 2nd period - Off-side.
12:18 of 2nd period - Robert Nilsson wins face-off versus Matt Duchene in neutral zone.
12:29 of 2nd period - Snap shot by Jordan Eberle.
12:29 of 2nd period - Shot Misses the Net.
12:32 of 2nd period - Icing by Henrik Zetterberg.
12:33 of 2nd period - Matt Duchene wins face-off versus Robert Nilsson in Lightning zone.
13:54 of 2nd period - Icing by Tyler Cuma.
13:55 of 2nd period - Martin St. Louis wins face-off versus Pierre-Marc Bouchard in Devils zone.
13:55 of 2nd period - Martin St. Louis is hit by Daniel Carcillo.
14:10 of 2nd period - Slapshot by Kurt Sauer.
14:10 of 2nd period - Stopped by Jaroslav Halak without a rebound.
14:11 of 2nd period - Matt Duchene wins face-off versus Robert Nilsson in Lightning zone.
14:16 of 2nd period - Wrist shot by Matt Duchene.
14:16 of 2nd period - Stopped by Jaroslav Halak with a rebound.
14:18 of 2nd period - Snap shot by Matt Duchene.
14:18 of 2nd period - Deflect By Taylor Hall.
14:18 of 2nd period - Shot Misses the Net.
14:18 of 2nd period - Puck is out of play.
14:19 of 2nd period - Matt Duchene wins face-off versus Robert Nilsson in Lightning zone.
14:32 of 2nd period - Snap shot by Jordan Eberle.
14:32 of 2nd period - Shot Misses the Net.
14:34 of 2nd period - Snap shot by Travis Hamonic.
14:34 of 2nd period - Shot Blocked by Brent Burns.
14:36 of 2nd period - Snap shot by Jordan Eberle.
14:36 of 2nd period - Shot Misses the Net.
14:38 of 2nd period - Slapshot by Jordan Eberle.
14:38 of 2nd period - Stopped by Jaroslav Halak with a rebound.
14:40 of 2nd period - Wrist shot by Taylor Hall.
14:40 of 2nd period - Goal by Taylor Hall - Lightning : 1 - Devils : 3.
14:41 of 2nd period - Robert Nilsson wins face-off versus Taylor Hall in neutral zone.
14:43 of 2nd period - Minor Penalty to Kris Versteeg for Delaying the game.
14:44 of 2nd period - Henrik Zetterberg wins face-off versus Jonathan Toews in Lightning zone.
14:54 of 2nd period - Slapshot by Patrick Kane.
14:54 of 2nd period - Stopped by Jaroslav Halak with a rebound.
14:58 of 2nd period - Slapshot by Chris Kreider.
14:58 of 2nd period - Goal by Chris Kreider - Lightning : 1 - Devils : 4.
14:58 of 2nd period - Adam Munro enters game.
14:59 of 2nd period - Robert Nilsson wins face-off versus Matt Duchene in neutral zone.
15:02 of 2nd period - Snap shot by Jeff Schultz.
15:02 of 2nd period - Shot Blocked by Travis Hamonic.
15:21 of 2nd period - Minor Penalty to Taylor Hall for Hooking.
15:22 of 2nd period - Mikko Koivu wins face-off versus Robert Nilsson in Devils zone.
15:32 of 2nd period - Wrist shot by Jeff Schultz.
15:32 of 2nd period - Shot Blocked by Mike Komisarek.
15:38 of 2nd period - Snap shot by Henrik Zetterberg.
15:38 of 2nd period - Stopped by James Reimer with a rebound.
15:52 of 2nd period - Slapshot by Pierre-Marc Bouchard.
15:52 of 2nd period - Shot Blocked by Mikko Koivu.
16:31 of 2nd period - Slapshot by John Carlson.
16:31 of 2nd period - Deflect By Robert Nilsson.
16:31 of 2nd period - Shot Misses the Net.
16:31 of 2nd period - Puck is out of play.
16:32 of 2nd period - Pierre-Marc Bouchard wins face-off versus Mikko Koivu in Devils zone.
16:33 of 2nd period - Snap shot by Daniel Carcillo.
16:33 of 2nd period - Deflect By Steve Bernier.
16:33 of 2nd period - Shot Misses the Net.
16:33 of 2nd period - Puck is out of play.
16:34 of 2nd period - Mikko Koivu wins face-off versus Pierre-Marc Bouchard in Devils zone.
16:46 of 2nd period - Icing by Brent Burns.
16:47 of 2nd period - Mikko Koivu wins face-off versus Robert Nilsson in Lightning zone.
16:50 of 2nd period - Snap shot by Mikko Koivu.
16:50 of 2nd period - Stopped by Adam Munro without a rebound.
16:51 of 2nd period - Mikko Koivu wins face-off versus Robert Nilsson in Lightning zone.
16:52 of 2nd period - Snap shot by Patrick Kane.
16:52 of 2nd period - Stopped by Adam Munro with a rebound.
17:12 of 2nd period - Snap shot by Robert Nilsson.
17:12 of 2nd period - Goal by Robert Nilsson - Lightning : 2 - Devils : 4.
17:13 of 2nd period - Matt Duchene wins face-off versus Robert Nilsson in neutral zone.
17:20 of 2nd period - Slapshot by Kris Versteeg.
17:20 of 2nd period - Shot Misses the Net.
17:50 of 2nd period - Snap shot by Pierre-Marc Bouchard.
17:50 of 2nd period - Stopped by James Reimer without a rebound.
17:51 of 2nd period - Jonathan Toews wins face-off versus Pierre-Marc Bouchard in Devils zone.
18:04 of 2nd period - Wrist shot by Chris Kreider.
18:04 of 2nd period - Stopped by Adam Munro with a rebound.
18:49 of 2nd period - Snap shot by Loui Eriksson.
18:49 of 2nd period - Stopped by James Reimer without a rebound.
18:50 of 2nd period - Matt Duchene wins face-off versus Pierre-Marc Bouchard in Devils zone.
19:01 of 2nd period - Wrist shot by Matt Duchene.
19:01 of 2nd period - Stopped by Adam Munro without a rebound.
19:02 of 2nd period - Matt Duchene wins face-off versus Henrik Zetterberg in Lightning zone.
19:11 of 2nd period - Henrik Zetterberg is hit by Jordan Eberle and loses puck.
19:28 of 2nd period - Kurt Sauer is hit by Steve Bernier and loses puck.
Goals for this period are 1 for Lightning vs 4 for Devils.
Shots for this period are 8 for Lightning vs 13 for Devils.

3rd period


0:01 of 3rd period - Robert Nilsson wins face-off versus Matt Duchene in neutral zone.
0:10 of 3rd period - Snap shot by Henrik Zetterberg.
0:10 of 3rd period - Stopped by James Reimer without a rebound.
0:11 of 3rd period - Matt Duchene wins face-off versus Robert Nilsson in Devils zone.
0:11 of 3rd period - Matt Duchene is hit by Jeff Schultz.
0:24 of 3rd period - Jordan Eberle is hit by Jeff Schultz and loses puck.
0:39 of 3rd period - Icing by Travis Hamonic.
0:40 of 3rd period - Jonathan Toews wins face-off versus Pierre-Marc Bouchard in Devils zone.
2:06 of 3rd period - Snap shot by Patrick Kane.
2:06 of 3rd period - Stopped by Adam Munro with a rebound.
2:10 of 3rd period - Wrist shot by Patrick Kane.
2:10 of 3rd period - Shot Misses the Net.
2:22 of 3rd period - Snap shot by Chris Kreider.
2:22 of 3rd period - Stopped by Adam Munro with a rebound.
2:24 of 3rd period - Snap shot by Patrick Kane.
2:24 of 3rd period - Shot Misses the Net.
2:26 of 3rd period - Snap shot by Kurt Sauer.
2:26 of 3rd period - Shot Blocked by John Carlson.
2:28 of 3rd period - Wrist shot by Jonathan Toews.
2:28 of 3rd period - Stopped by Adam Munro with a rebound.
2:51 of 3rd period - Danny Richmond is hit by Kurt Sauer and loses puck.
3:02 of 3rd period - Minor Penalty to Chris Kreider for Hooking.
3:03 of 3rd period - Mikko Koivu wins face-off versus Robert Nilsson in Devils zone.
3:09 of 3rd period - Wrist shot by Henrik Zetterberg.
3:09 of 3rd period - Shot Blocked by Travis Hamonic.
4:03 of 3rd period - Wrist shot by Reilly Smith.
4:03 of 3rd period - Shot Misses the Net.
4:05 of 3rd period - Slapshot by Steve McCarthy.
4:05 of 3rd period - Shot Misses the Net.
5:02 of 3rd period - Penalty to Chris Kreider is over, Chris Kreider is back on ice.
5:29 of 3rd period - Jeff Schultz is hit by Travis Hamonic and loses puck.
7:59 of 3rd period - Robert Nilsson is hit by Jordan Eberle and loses puck.
9:18 of 3rd period - Steve McCarthy is hit by Anthony Stewart and loses puck.
9:25 of 3rd period - Minor Penalty to Steve McCarthy for High sticking.
9:26 of 3rd period - Matt Duchene wins face-off versus Henrik Zetterberg in Lightning zone.
10:38 of 3rd period - Snap shot by Daniel Carcillo.
10:38 of 3rd period - Deflect By Sheldon Keefe.
10:38 of 3rd period - Shot Blocked by Kurt Sauer.
10:38 of 3rd period - Puck is out of play.
10:39 of 3rd period - Henrik Zetterberg wins face-off versus Matt Duchene in Devils zone.
10:54 of 3rd period - Pierre-Marc Bouchard is hit by Chris Kreider and loses puck.
11:25 of 3rd period - Penalty to Steve McCarthy is over, Steve McCarthy is back on ice.
12:21 of 3rd period - Snap shot by Anthony Stewart.
12:21 of 3rd period - Deflect By Brandon Bollig.
12:21 of 3rd period - Shot Misses the Net.
12:21 of 3rd period - Puck is out of play.
12:22 of 3rd period - Taylor Hall wins face-off versus Pierre-Marc Bouchard in Lightning zone.
12:33 of 3rd period - Backhand shot by Daniel Carcillo.
12:33 of 3rd period - Shot Misses the Net.
12:52 of 3rd period - Jordan Nolan is hit by Chris Kreider and loses puck.
12:57 of 3rd period - Snap shot by Chris Kreider.
12:57 of 3rd period - Shot Misses the Net.
12:59 of 3rd period - Snap shot by Jonathan Toews.
12:59 of 3rd period - Stopped by Adam Munro with a rebound.
13:37 of 3rd period - Wrist shot by Matt Duchene.
13:37 of 3rd period - Stopped by Adam Munro without a rebound.
13:38 of 3rd period - Matt Duchene wins face-off versus Pierre-Marc Bouchard in Lightning zone.
13:53 of 3rd period - Wrist shot by Daniel Carcillo.
13:53 of 3rd period - Shot Misses the Net.
14:51 of 3rd period - Erik Christensen is hit by John Carlson and loses puck.
16:04 of 3rd period - Slapshot by Tyler Cuma.
16:04 of 3rd period - Stopped by Adam Munro with a rebound.
16:22 of 3rd period - Jonathan Toews is hit by Jordan Nolan.
16:58 of 3rd period - Snap shot by Brandon Bollig.
16:58 of 3rd period - Stopped by Adam Munro with a rebound.
17:17 of 3rd period - Snap shot by Mikko Koivu.
17:17 of 3rd period - Shot Misses the Net.
17:19 of 3rd period - Slapshot by Travis Hamonic.
17:19 of 3rd period - Shot Misses the Net.
17:38 of 3rd period - Icing by Jonathan Toews.
17:39 of 3rd period - Jordan Nolan wins face-off versus Jonathan Toews in Devils zone.
17:50 of 3rd period - Wrist shot by Jonathan Toews.
17:50 of 3rd period - Shot Misses the Net.
17:52 of 3rd period - Wrist shot by Patrick Kane.
17:52 of 3rd period - Stopped by Adam Munro with a rebound.
18:06 of 3rd period - Snap shot by Matt Duchene.
18:06 of 3rd period - Deflect By Jordan Eberle.
18:06 of 3rd period - Stopped by Adam Munro without a rebound.
18:07 of 3rd period - Matt Duchene wins face-off versus Henrik Zetterberg in Lightning zone.
18:08 of 3rd period - Wrist shot by Jordan Eberle.
18:08 of 3rd period - Shot Blocked by Brent Burns.
18:16 of 3rd period - Brent Burns is hit by Matt Duchene and loses puck.
Goals for this period are 0 for Lightning vs 0 for Devils.
Shots for this period are 1 for Lightning vs 9 for Devils.